 Dungeon Crawl Stone Soup version 0.28-a0-233-gb8ca4b6547 (webtiles) character file.

Game seed: 4562889529774702169

31 Spaninq the Skirmisher (level 3, -8/30 HPs)
             Began as a Human Abyssal Knight on Aug 22, 2021.
             Was an Initiate of Ashenzari.
             Mangled by a small abomination (14 damage)
             ... created by the touch of Lugonu
             ... on level 1 of the Dungeon.
             The game lasted 00:03:59 (1494 turns).

Spaninq the Skirmisher (Human Abyssal Knight)       Turns: 1494, Time: 00:03:59

Health: -8/30      AC:  8    Str: 13    XL:     3   Next: 40%
Magic:  4/4        EV:  6    Int: 18    God:    Ashenzari [......]
Gold:   101        SH:  0    Dex: 12    Spells: 2/2 levels left

rFire   . . .      SeeInvis .   a - +1 hand axe
rCold   . . .      Faith    .   (no shield)
rNeg    . . .      Spirit   .   e - +0 chain mail "Shattered Ordeal" {Self, Cun} (curse)
rPois   .          Reflect  .   (no helmet)
rElec   .          Harm     .   (no cloak)
rCorr   .          Rampage  .   (no gloves)
Will    .....                   (no boots)
Stlth   ..........              (no amulet)
HPRegen 0.10/turn               g - +6 ring of intelligence
MPRegen 0.09/turn               (no ring)

@: no status effects
A: no striking features
a: Renounce Religion, Shatter the Chains


You were on level 1 of the Dungeon.
You worshipped Ashenzari.
Ashenzari was noncommittal.
You visited 1 branch of the dungeon, and saw 1 of its levels.
You visited the Abyss 1 time.

You collected 101 gold pieces.

Inventory:

Hand Weapons
 a - a +1 hand axe (weapon)
Armour
 e - the cursed +0 chain mail "Shattered Ordeal" (worn) {Self, Cun}
   (You found it on level 1 of the Dungeon)

   It has a curse which improves the following skills: Introspection: Fighting
   and Spellcasting.
   Cunning:   Dodging and Stealth.
Jewellery
 g - a +6 ring of intelligence (left hand)
Scrolls
 b - 2 scrolls of immolation
 c - a scroll of enchant armour
 d - a scroll of noise
Potions
 f - a potion of curing


   Skills:
 + Level 3.3(3.8) Fighting
 * Level 2.9 Axes
 + Level 2.4 Armour
 - Level 1.0(1.3) Dodging
 - Level 2.0 Invocations


You had 2 spell levels left.
You didn't know any spells.
Your spell library was empty.

Dungeon Overview and Level Annotations

Branches:
Dungeon (1/15)

Altars:
Ashenzari


Message History

Partly explored, can't reach some places.
You see here a +0 leather armour.
You enter the shallow water.
Moving in this stuff is going to be slow.
Lugonu's wrath scatters you! Lugonu sends minions to punish you.
A small abomination comes into view.
You can't go down here!
There is a stone staircase leading down here.
The small abomination hits you but does no damage.
The small abomination barely misses you.
You closely miss the small abomination.
The small abomination barely misses you.
You hit the small abomination.
The small abomination is lightly damaged.
The small abomination hits you!
Ouch! That really hurt!
The small abomination hits you.
* * * LOW HITPOINT WARNING * * *
You hit the small abomination.
The small abomination is lightly damaged.
The small abomination barely misses you.
You hit the small abomination.
The small abomination is moderately damaged.
The small abomination barely misses you.
You closely miss the small abomination.
The small abomination is moderately damaged.
The small abomination hits you but does no damage.
You barely miss the small abomination.
The small abomination is moderately damaged.
The small abomination hits you.
* * * LOW HITPOINT WARNING * * *
The small abomination hits you.
* * * LOW HITPOINT WARNING * * *
You hit the small abomination but do no damage.
The small abomination is moderately damaged.
The small abomination barely misses you.
You barely miss the small abomination.
The small abomination is moderately damaged.
The small abomination hits you!
You die...

######.......##......†.....
#...............#.###......
#######.####.......##...#
#..##.# ........#
##########..## ##.##.#
.######## #..# #.##.# .#
#..# #.##.# ##### ##.#
#.##.# ....# ######### #.##
#.##.#
###.########...x@..###..#
#.##.# #
#.##.......#####.##...#
#.##.# ###....#######
#..#.#.# #.##.# ......##
##...#.# #.##.# ......##
#...#.# #.##.# .......#
##....# #.##.# .....#.#####
#.#### #.#..# .....#.....#
#.# #...## .....#####.# #.#
#..##


You could see a small abomination.

Vanquished Creatures
  A dart slug (D:1)
  3 bats (D:1)
  2 endoplasms (D:1)
  2 giant cockroaches (D:1)
  A goblin (D:1)
  3 hobgoblins (D:1)
  3 jackals (D:1)
  3 kobolds (D:1)
  2 quokkas (D:1)
  A ball python (D:1)
  2 frilled lizards (D:1)
  3 rats (D:1)
26 creatures vanquished.

Notes
Turn   | Place    | Note
-------+----------+-------------------------------------------
     0 | Abyss:1  | Spaninq the Human Abyssal Knight began the quest for the
                  | Orb.
     0 | Abyss:1  | Reached XP level 1. HP: 18/18 MP: 2/2
   137 | Abyss:1  | Noticed a small abomination
   138 | D:1      | Escaped the Abyss
   268 | D:1      | Fell from the grace of Lugonu
   502 | D:1      | Reached XP level 2. HP: 16/24 MP: 3/3
   685 | D:1      | Found a faded altar of an unknown god.
   695 | D:1      | Became a worshipper of Ashenzari the Shackled
   847 | D:1      | Reached XP level 3. HP: 21/30 MP: 4/4
  1464 | D:1      | Noticed a small abomination
  1494 | D:1      | Mangled by a small abomination

Illustrated notes

Levels and vault maps discovered:
D:1:      kilobyte_arrival_exit_the_forest, layout_rooms,
          ebering_ecumenical_altar_mist

Action                   || total
-------------------------++-------
Melee: Hand axe          ||   102
Invok: Depart the Abyss  ||     1
       Renounce Religion ||     1
       Curse Item        ||     1
Armor: Chain mail        ||    61
       Leather armour    ||     7
Dodge: Dodged            ||    45

Table legend: (Time is in decaauts)
 A = Elapsed time spent in this place.
 B = Non-inter-level travel time spent in this place.
 C = Inter-level travel time spent in this place.
 D = Time resting spent in this place.
 E = Time spent auto-exploring this place.
 F = Levels seen in this place.
 G = Mean time per level.
                   A        B        C        D        E       F      G
               +--------+--------+--------+--------+--------+-----+--------+
         Total |   1522 |   1505 |     17 |      0 |   1089 |   2 |  761.0 |
       Dungeon |   1384 |   1367 |     17 |      0 |   1089 |   1 | 1384.0 |
         Abyss |    138 |    138 |      0 |      0 |      0 |   1 |  138.0 |
               +--------+--------+--------+--------+--------+-----+--------+

Top non-repeatable levels by time:
     D:1: 1384 daAuts
 Abyss:1: 138 daAuts
